 Dungeon Crawl Stone Soup version 0.30.0-18-gf1372a6a44 (webtiles) character file.

Game seed: 7815836640943376407

648 qw the Chopper (level 7, -1/44 HPs)
             Began as a Gargoyle Fighter on May 21, 2023.
             Slain by a gnoll
             ... wielding a +0 spear
              (2 damage)
             ... on level 5 of the Dungeon.
             The game lasted 00:01:32 (3277 turns).

qw the Chopper (Gargoyle Fighter)                   Turns: 3277, Time: 00:01:32

Health: -1/44      AC: 13    Str: 28    XL:     7   Next: 53%
Magic:  7/7        EV: 10    Int:  8    God:
Gold:   275        SH:  4    Dex:  9    Spells: 6/6 levels left

rFire   . . .        Y - +1 war axe
rCold   . . .        c - +0 buckler
rNeg    + . .        b - +0 scale mail
rPois   inf          (no helmet)
rElec   +            g - +0 cloak
rCorr   .            i - +0 pair of gloves
SInv    .            (no boots)
Will    .....        (no amulet) Stlth
                     j - +6 ring of strength
HPRegen 0.27/turn    (no ring)
MPRegen 0.10/turn

%: no passive effects
@: no status effects
A: sickness immunity, AC +4, negative energy resistance 1, electricity
resistance, torment resistance 1, petrification resistance
a: no special abilities


You were on level 5 of the Dungeon.
You visited 2 branches of the dungeon, and saw 6 of its levels.

You collected 275 gold pieces.


Innate Abilities, Weirdness & Mutations

You are immune to sickness and miasma.
Your stone body is resilient. (AC +4)
You are immune to poison.
You resist negative energy. (rN+)
You are resistant to electric shocks. (rElec)
You are resistant to unholy torment.
You are immune to petrification.


   Skills:
 - Level 4.6 Fighting
 + Level 6.4 Axes
 - Level 1.0 Throwing
 - Level 3.2 Armour
 - Level 1.4 Dodging
 - Level 3.2 Shields


You had 6 spell levels left.
You didn't know any spells.
Your spell library was empty.

Inventory:

Hand Weapons
 h - a +0 flail
 o - the +5 whip of Fowon {freeze, rCorr MP+9}
   (You found it on level 5 of the Dungeon)

   MP:        It affects your magic capacity (+9).
   rCorr:     It protects you from acid and corrosion.
 Y - a +1 war axe (weapon)
Missiles
 n - 4 boomerangs (quivered)
Armour
 b - a +0 scale mail (worn)
 c - a +0 buckler (worn)
 g - a +0 cloak (worn)
 i - a +0 pair of gloves (worn)
Jewellery
 j - a +6 ring of strength (left hand)
Scrolls
 a - 3 scrolls of identify
 l - a scroll of torment {unknown}
 m - a scroll of brand weapon {unknown}
 p - a scroll of fear {unknown}
 u - a scroll of poison {unknown}
Potions
 d - a potion of might
 e - a potion of haste
 k - 3 potions of curing
 q - 3 potions of mutation
 r - a potion of attraction
 s - a potion of heal wounds {unknown}
 t - a potion of berserk rage {unknown}
 v - a potion of flight {unknown}

Dungeon Overview and Level Annotations

Branches:
Dungeon (5/15)             Temple (1/1) D:4

Altars:
Cheibriados
Dithmenos
Fedhas
Gozag
Makhleb
Nemelex Xobeh
Qazlal
Sif Muna
Uskayaw
Vehumet
Wu Jian
Xom
Zin
The Shining One

Shops:
D:4 :

Annotations:
D:1 2 transporters
D:4 1 runed translucent door, qw's ghost, novice GrCA


Message History

You slash the orc!
You kill the orc!
You hit something. You barely miss the orc. You slash the orc wizard!
You kill the orc wizard!
The gnoll is no longer moving quickly. x2
The gnoll sergeant hits you but does no damage.
Something hits you but does no damage. The orc completely misses you.
You barely miss the orc. x2; You completely miss something.
The gnoll sergeant hits you but does no damage.
The orc hits you with a +0 dagger. The orc hits you with a +0 mace.
You hear some strange, mumbled words.
A puff of flame appears from out of thin air!
The puff of flame misses you. The orc closely misses you.
The gnoll hits you from afar with a +0 spear.
You slash the orc!
You kill the orc!
You hit the orc but do no damage. You closely miss something.
The gnoll is no longer moving quickly.
The gnoll sergeant is no longer moving quickly.
You block the gnoll sergeant's attack. The orc hits you but does no damage.
Something hits you but does no damage. The orc barely misses you.
The gnoll hits you but does no damage.
You barely miss the orc. You hit something.
Reactivating autopickup.
You feel a bit more experienced. You block the gnoll sergeant's attack.
The orc barely misses you. The orc hits you but does no damage.
The gnoll bouda barks out a call to the hunt!
The gnolls pick up the pace!
The gnoll hits you but does no damage.
The gnoll sergeant hits you but does no damage.
You barely miss the orc. The orc barely misses you.
The orc hits you but does no damage. The gnoll barely misses you.
The gnoll sergeant hits you from afar with a +0 spear.
The orc closely misses you.
The gnoll bouda hits you with a +0 club!
The orc hits you but does no damage.
The gnoll hits you from afar with a +0 spear.
You die...

.........................
~~~~~~....~~~~~~~~~~~~~~~
~~~~~~....~~~~~~~~~~~~~~~
~~~~~~....~~~~~~~~~~~~###
......................# o
######''''############# o
#....####### +....'.....+
#.o@)####### ##g)##


.gogg .....gg. ........... .........[.. ######++##### You could see a gnoll
sergeant (swift), a gnoll bouda, 4 gnolls and 2 orcs.

Vanquished Creatures
  2 black bears (D:5)
  A howler monkey (D:5)
  A jelly (D:5)
  An orc priest (D:3)
  An iguana (D:5)
  4 orc wizards (D:5)
  7 adders
  7 gnolls
  A white imp (D:5)
  An ufetubus (D:5)
  A worm (D:4)
  2 dart slugs (D:4)
  10 orcs
  4 ball pythons
  3 bats (D:1)
  6 endoplasms
  5 giant cockroaches
  8 goblins
  7 hobgoblins
  4 jackals (D:5)
  5 kobolds
  6 quokkas
  3 frilled lizards
  3 rats
93 creatures vanquished.

Notes
Turn   | Place    | Note
-------+----------+-------------------------------------------
     0 | D:1      | qw the Gargoyle Fighter began the quest for the Orb.
     0 | D:1      | Reached XP level 1. HP: 14/14 MP: 1/1
     0 | D:1      | 0 ||| qw: Version: 0.2-a-98-g16b38d9
     0 | D:1      | 0 ||| qw: Game counter: 19
     0 | D:1      | 0 ||| qw: Always use a shield: true
     0 | D:1      | 0 ||| qw: God list: Okawaru
     0 | D:1      | 0 ||| qw: Allow faded altars: false
     0 | D:1      | 0 ||| qw: Do Orc after D:15 true
     0 | D:1      | 0 ||| qw: Do second Lair branch before Depths: true
     0 | D:1      | 0 ||| qw: Lair rune preference: random
     0 | D:1      | 0 ||| qw: Plans: Normal, Zot:1-4, God:TSO, Crypt, Tomb,
                  | Pan, Slime:5, Hells, Abyss, Win
     0 | D:1      | 0 ||| PLANNING D:1-11
    48 | D:1      | Reached skill level 2 in Axes
   124 | D:1      | 124 ||| Stepping ~*~*~tactically~*~*~ (stealth).
   139 | D:1      | Reached XP level 2. HP: 19/19 MP: 2/2
   330 | D:1      | 330 ||| Stepping ~*~*~tactically~*~*~ (stealth).
   503 | D:1      | 503 ||| DROPPING +3 leather armour.
   504 | D:1      | 504 ||| READING 3 scrolls labelled SAOMUE NIUF.
   505 | D:1      | 505 ||| READING 2 scrolls labelled ELOJOSE FENNOUPS.
   506 | D:1      | 506 ||| READING 2 scrolls labelled AWARER TONOGH.
   507 | D:1      | 507 ||| DRINKING 2 pink potions.
   508 | D:1      | 508 ||| READING 2 scrolls of identify.
   508 | D:1      | 508 ||| IDENTIFYING grey potion
   509 | D:1      | 509 ||| DROPPING scroll of immolation.
   510 | D:1      | 510 ||| DROPPING scroll of fog.
   545 | D:2      | Reached skill level 3 in Axes
   545 | D:2      | Reached XP level 3. HP: 23/23 MP: 3/3
   609 | D:2      | 609 ||| Stepping ~*~*~tactically~*~*~ (hiding).
   610 | D:2      | 610 ||| Stepping ~*~*~tactically~*~*~ (hiding).
   638 | D:2      | Reached XP level 4. HP: 28/28 MP: 4/4
   641 | D:2      | 641 ||| DROPPING +0 whip.
   642 | D:2      | 642 ||| DROPPING +0 club.
   821 | D:2      | Reached skill level 4 in Axes
   824 | D:2      | 824 ||| Stepping ~*~*~tactically~*~*~ (stealth).
   908 | D:2      | Reached skill level 1 in Throwing
   949 | D:2      | 949 ||| UPGRADING to +0 cloak.
   954 | D:2      | 954 ||| UPGRADING to +0 pair of gloves.
   959 | D:2      | 959 ||| READING 5 scrolls of identify.
   959 | D:2      | 959 ||| IDENTIFYING viscous orange potion
   960 | D:2      | 960 ||| DROPPING potion of brilliance.
  1081 | D:3      | 1081 ||| Stepping ~*~*~tactically~*~*~ (stealth).
  1272 | D:3      | 1272 ||| Stepping ~*~*~tactically~*~*~ (hiding).
  1273 | D:3      | 1273 ||| Stepping ~*~*~tactically~*~*~ (hiding).
  1279 | D:3      | HP: 7/28 [orc/+0 short sword (2)]
  1279 | D:3      | HP: 3/28 [orc/+0 dagger (4)]
  1285 | D:3      | Reached XP level 5. HP: 5/32 MP: 5/5
  1674 | D:3      | 1674 ||| DROPPING +6 ring of intelligence.
  1675 | D:3      | 1675 ||| READING scroll labelled ZYGOCAF MOGE.
  1678 | D:3      | 1678 ||| READING scroll labelled LUOTOT RYOP.
  1679 | D:3      | 1679 ||| DRINKING 2 silvery potions.
  1680 | D:3      | 1680 ||| READING 5 scrolls of identify.
  1680 | D:3      | 1680 ||| IDENTIFYING inky potion
  1681 | D:3      | 1681 ||| READING 4 scrolls of identify.
  1681 | D:3      | 1681 ||| IDENTIFYING emerald potion
  1682 | D:3      | 1682 ||| DROPPING potion of degeneration.
  1859 | D:4      | 1859 ||| Stepping ~*~*~tactically~*~*~ (hiding).
  1981 | D:4      | 1981 ||| Stepping ~*~*~tactically~*~*~ (stealth).
  2049 | D:4      | Found a runed translucent door.
  2049 | D:4      | Noticed qw's ghost (novice GrCA)
  2159 | D:4      | Found a staircase to the Ecumenical Temple.
  2160 | D:4      | 2160 ||| PLANNING TEMPLE
  2168 | Temple   | Entered the Ecumenical Temple
  2168 | Temple   | Noticed a Hell Sentinel
  2169 | Temple   | Noticed Nourgh the pandemonium lord
  2169 | Temple   | Noticed Nobb the pandemonium lord
  2169 | Temple   | Noticed an Executioner
  2171 | Temple   | Noticed a balrug
  2171 | Temple   | Noticed Huuforis the pandemonium lord
  2171 | Temple   | Noticed an orange demon
  2213 | Temple   | Noticed Xutejat the pandemonium lord
  2213 | Temple   | Noticed a cacodemon
  2231 | Temple   | Noticed an Executioner
  2231 | Temple   | Noticed Ehomneo the pandemonium lord
  2232 | Temple   | Noticed a neqoxec
  2241 | Temple   | Noticed a balrug
  2244 | Temple   | Noticed a Tzitzimitl
  2244 | Temple   | Noticed Baufrum the pandemonium lord
  2259 | Temple   | 2259 ||| PLANNING D:1-11
  2358 | D:4      | Reached skill level 5 in Axes
  2373 | D:4      | 2373 ||| Stepping ~*~*~tactically~*~*~ (hiding).
  2389 | D:4      | 2389 ||| Stepping ~*~*~tactically~*~*~ (hiding).
  2569 | D:4      | Found Cecel's Book Shop.
  2613 | D:4      | 2613 ||| UPGRADING to +6 ring of strength.
  2629 | D:5      | Entered Level 5 of the Dungeon
  2674 | D:5      | Noticed a black bear
  2685 | D:5      | Killed a black bear
  2686 | D:5      | Reached XP level 6. HP: 29/39 MP: 6/6
  2720 | D:5      | 2720 ||| Stepping ~*~*~tactically~*~*~ (stealth).
  2803 | D:5      | Found the +5 Force Lance {heavy, knockback}
  2822 | D:5      | 2822 ||| Stepping ~*~*~tactically~*~*~ (hiding).
  2862 | D:5      | Identified the +5 whip of Fowon {freeze, rCorr MP+9}
  2875 | D:5      | Found a shadowy altar of Dithmenos.
  2892 | D:5      | Noticed a black bear
  2899 | D:5      | Killed a black bear
  2900 | D:5      | Reached XP level 7. HP: 34/44 MP: 7/7
  2941 | D:5      | 2941 ||| Stepping ~*~*~tactically~*~*~ (hiding).
  2944 | D:5      | 2944 ||| Stepping ~*~*~tactically~*~*~ (hiding).
  2953 | D:5      | Reached skill level 6 in Axes
  3111 | D:5      | Found a sparkling altar of Nemelex Xobeh.
  3126 | D:5      | Reached skill level 1 in Dodging
  3277 | D:5      | HP: 10/44 [gnoll sergeant/+0 spear (6)]
  3277 | D:5      | HP: 1/44 [gnoll bouda/+0 club (9)]
  3277 | D:5      | Slain by a gnoll

Levels and vault maps discovered:
D:1:      spicycebolla_arrival_transporter_tutorial, layout_basic, hex_tiny,
          minmay_crystal_room
D:2:      layout_rooms
D:3:      layout_basic, grunt_decor_clamped
D:4:      layout_basic, minmay_temple_entry_gardened_gates, serial_shops,
          nicolae_shop_waterfront, gammafunk_ghost_grave, minivault_19,
          kennysheep_another_room
D:5:      lemuel_castle_with_subvaults [lemuel_castle_interior_original],
          layout_basic, mainiacjoe_overflow_paths,
          mainiacjoe_overflow_six_doors_small, minmay_misc_feat_nine_boxes,
          chequers_serial_rivers_micro_c, chequers_serial_rivers_micro_c,
          chequers_garden, minmay_tree_intersection
Temple:   nicolae_temple_panitentiary

Skill      XL: |  1  2  3  4  5  6  7 |
---------------+----------------------+-----
Axes           | 2 3 4 5 6 |  6.4
Throwing       | 1 |  1.0
Fighting       | 4 |  4.6
Dodging        | 1 |  1.4
Armour         | |  3.2
Shields        | |  3.2

Action                     |  1- 3 |  4- 6 |  7- 9 || total
---------------------------+-------+-------+-------++-------
  Melee: War axe           |    61 |    92 |    47 ||   200
  Throw: Javelin           |    10 |    20 |       ||    30
         Boomerang         |     2 |    41 |    11 ||    54
    Use: Scroll            |     4 |     5 |       ||     9
         Potion            |     1 |     1 |       ||     2
 Armour: Scale mail        |    32 |    66 |    43 ||   141
  Dodge: Dodged            |    22 |    37 |    37 ||    96
  Block: Buckler           |    11 |    15 |    14 ||    40

Table legend:
 A = Non-vault XP
 B = Vault XP
 C = Vault XP percentage of total XP
 D = Non-vault monster count
 E = Vault monster count
 F = Vault count percentage of total count
                 A         B        C        D         E       F
            +---------+---------+-------+---------+---------+-------
      Total |     796 |     130 |  14.0 |      81 |      12 |  12.9
            +---------+---------+-------+---------+---------+-------
        D:1 |      25 |       0 |   0.0 |      15 |       0 |   0.0
        D:2 |     102 |       0 |   0.0 |      17 |       0 |   0.0
        D:3 |      76 |       0 |   0.0 |      13 |       0 |   0.0
        D:4 |      79 |       0 |   0.0 |      21 |       0 |   0.0
        D:5 |     514 |     130 |  20.2 |      15 |      12 |  44.4
            +---------+---------+-------+---------+---------+-------
